 Dungeon Crawl Stone Soup version 0.17-a0-1368-g6ab37f2 (webtiles) character file.

835 Volodja the Carver (level 8, -5/58 HPs)
             Began as a Formicid Fighter on June 12, 2015.
             Slain by Volodja's ghost (13 damage)
             ... on level 4 of the Dungeon.
             The game lasted 00:10:54 (4670 turns).

Volodja the Carver (Formicid Fighter)               Turns: 4670, Time: 00:10:55

Health: -5/58      AC:  6    Str: 21    XL:     8   Next: 18%
Magic:  8/8        EV:  7    Int:  8    God:
Gold:   169        SH:  9    Dex: 12    Spells: 0 memorised, 7 levels left

rFire  . . .     SeeInvis +     a - +0 long sword
rCold  . . .     Clarity  .     b - +0 scale mail
rNeg   . . .     SustAt   .     c - +0 shield
rPois  +         Gourm    .     (helmet unavailable)
rElec  .         Spirit   .     (no cloak)
rCorr  .         Warding  .     (no gloves)
rMut   .         Stasis   +     (no boots)
MR     .....                    (no amulet)
Stlth  ..........               u - ring of poison resistance
                                t - ring of see invisible

@: not resistant to hostile enchantments, extremely unstealthy
A: permanent stasis, dig shafts and tunnels, four strong arms, antennae 3
a: Dig, Shaft Self


You were on level 4 of the Dungeon.
You were not hungry.

You visited 1 branch of the dungeon, and saw 4 of its levels.
You also visited: Sewer.

You collected 169 gold pieces.

Inventory:

Hand weapons
 a - a +0 long sword (weapon)
Missiles
 q - 3 javelins of returning (quivered)
Armour
 b - a +0 scale mail (worn)
 c - a +0 shield (worn)
Jewellery
 t - a ring of see invisible (left hand)
 u - a ring of poison resistance (right hand)
 y - an uncursed ring of protection from magic {unknown}
Scrolls
 e - 4 scrolls of remove curse {unknown}
 f - 3 scrolls of identify {unknown}
 g - a scroll of fear {unknown}
 h - 4 scrolls of teleportation {unknown}
 r - a scroll of magic mapping {unknown}
 s - a scroll of enchant armour {unknown}
 v - a scroll of blinking {unknown}
Potions
 d - 2 potions of might
 l - 2 potions of invisibility {unknown}
 n - a potion of poison {unknown}
 o - 4 potions of flight {unknown}
 w - a potion of magic {unknown}
 x - 4 potions of agility {unknown}
 z - 3 potions of heal wounds
 A - 5 potions of curing
Comestibles
 i - a slice of pizza
 j - a beef jerky
 k - a meat ration
 m - 3 bread rations
 p - a chunk of flesh


   Skills:
 - Level 3.2 Fighting
 + Level 8.9 Long Blades
 - Level 3.2 Armour
 - Level 3.6 Shields


You had 7 spell levels left.
You didn't know any spells.

Dungeon Overview and Level Annotations

Branches:
Dungeon (4/15)
 Temple: D:4-7

Altars:
Ashenzari
Dithmenos

Annotations:
D:4 Volodja's ghost, average FoFi


Innate Abilities, Weirdness & Mutations

You are under a permanent stasis effect.
You can dig through walls and to a lower floor.
Your four strong arms can wield two-handed weapons with a shield.
You have a pair of large antennae on your head (SInv).


Message History

* * * LOW HITPOINT WARNING * * *
You hit Volodja's ghost.
Volodja's ghost is moderately damaged.
You block Volodja's ghost's attack.
You slash Volodja's ghost!
Volodja's ghost is heavily damaged.
Volodja's ghost hits you but does no damage.
You hit Volodja's ghost but do no damage.
Volodja's ghost is heavily damaged.
Volodja's ghost hits you.
* * * LOW HITPOINT WARNING * * *
You completely miss Volodja's ghost.
Volodja's ghost is heavily damaged.
Volodja's ghost hits you.
* * * LOW HITPOINT WARNING * * *
Drink which item? (? for menu, Esc to quit)
You feel much better. Volodja's ghost hits you!
* * * LOW HITPOINT WARNING * * *
You are electrocuted!
You die...

.....#............###.
.....#.................
.......g..............#
........####.........##
........# ##........#
...#....# ##.......##
.. ##...####........# #
##....W.........#
#....@.........#
##...######....## #####
##....## ##.....##
#.......## ##.........
. ##..#####... #..
###..## .. #... ##...##
#


You could see Volodja's ghost.

Vanquished Creatures
  Grinder (D:4)
  3 big kobolds (Sewer)
  An orc priest (D:3)
  A worker ant (D:4)
  Ijyb (D:2)
  An orc wizard (D:3)
  Terence (D:2)
  12 adders
  3 river rats (D:4)
  2 oozes
  A worm (D:4)
  2 giant geckos
  9 orcs (D:3)
  6 ball pythons
  13 bats
  10 goblins
  13 hobgoblins
  17 kobolds
  A quokka (D:3)
  6 giant cockroaches
  7 giant newts
  7 jackals
  17 rats
135 creatures vanquished.

Notes
Turn   | Place    | Note
--------------------------------------------------------------
     0 | D:1      | Volodja the Formicid Fighter began the quest for the Orb.
     0 | D:1      | Reached XP level 1. HP: 18/18 MP: 1/1
    64 | D:1      | Reached XP level 2. HP: 24/24 MP: 2/2
   260 | D:1      | Reached XP level 3. HP: 29/29 MP: 3/3
   887 | D:2      | Reached skill level 4 in Long Blades
   887 | D:2      | Reached XP level 4. HP: 24/35 MP: 4/4
  1052 | D:2      | Noticed Terence
  1072 | D:2      | Killed Terence
  1132 | D:2      | Found a shadowy altar of Dithmenos.
  1295 | D:2      | Reached XP level 5. HP: 41/41 MP: 5/5
  1353 | D:2      | Noticed Ijyb
  1365 | D:2      | Killed Ijyb
  1365 | D:2      | Reached skill level 5 in Long Blades
  2335 | D:3      | Reached XP level 6. HP: 44/47 MP: 6/6
  2349 | D:3      | Reached skill level 6 in Long Blades
  3068 | D:3      | Found a shattered altar of Ashenzari.
  3699 | D:4      | Noticed Grinder
  3723 | D:4      | Killed Grinder
  3723 | D:4      | Reached skill level 7 in Long Blades
  3723 | D:4      | Reached XP level 7. HP: 26/52 MP: 7/7
  3911 | D:4      | Reached skill level 8 in Long Blades
  3930 | D:4      | Found a glowing drain.
  3948 | Sewer    | Entered a sewer
  4155 | Sewer    | Reached XP level 8. HP: 50/58 MP: 8/8
  4641 | D:4      | Noticed Volodja's ghost (average FoFi)
  4670 | D:4      | Slain by Volodja's ghost

Vault maps used:
D:1:      ncdulo_smallfort, grunt_decor_one_mirror, roderic_ancient_swastika,
          patterned_corridor
D:2:      overflow_temple_1_default, first_bread, uniq_terence, uniq_iyjb
D:3:      minmay_misc_feat_nine_boxes, evilmike_ruin_ashenzari
D:4:      fiery_altar_vehumet, temple_fountains, portal_sewer_entry_e,
          serial_shops, shop_fountains, minmay_item_behind_shaft,
          uniq_crazy_yiuf_cottage, uniq_grinder
Sewer:    kennysheep_pipe_town

Action                   |  1- 3 |  4- 6 |  7- 9 || total
-------------------------+-------+-------+-------++-------
Melee: Long sword        |    99 |   288 |   141 ||   528
Throw: Javelin           |       |     2 |     4 ||     6
  Use: Potion            |       |     1 |     1 ||     2
  Eat: Chunk             |       |    10 |     3 ||    13
